 Dungeon Crawl Stone Soup version 0.29-a0-717-g6dac4ea423 (webtiles) character file.

Game seed: 1582412847903017077

691 siradein the Trooper (level 7, -2/59 HPs)
             Began as a Palentonga Fighter on June 27, 2022.
             Slain by an ogre
             ... wielding a +0 giant spiked club
              (16 damage)
             ... on level 5 of the Dungeon.
             The game lasted 00:13:12 (4546 turns).

siradein the Trooper (Palentonga Fighter)           Turns: 4546, Time: 00:13:15

Health: -2/59      AC: 17    Str: 21    XL:     7   Next: 36%
Magic:  7/7        EV:  5    Int:  9    God:
Gold:   266        SH:  4    Dex:  9    Spells: 6/6 levels left

rFire   + . .      SeeInvis +   w - +6 flail
rCold   + . .      Faith    .   c - +0 buckler
rNeg    . . .      Spirit   .   u - +0 chain mail
rPois   .          Reflect  .   A - +0 helmet
rElec   .          Harm     .   (no cloak)
rCorr   .          Rampage  .   g - +0 pair of gloves
Will    .....                   (no barding)
Stlth   ..........              p - amulet of the acrobat
HPRegen 0.19/turn               o - ring of protection from fire
MPRegen 0.10/turn               r - ring of protection from cold

@: curled up
A: large, rugged brown scales 3, see invisible, deformed body, roll 1, armoured
tail, reflexive curl
a: Rolling Charge


You were on level 5 of the Dungeon.
You visited 1 branch of the dungeon, and saw 5 of its levels.

You collected 266 gold pieces.

Inventory:

Hand Weapons
 w - a +6 flail (weapon)
Missiles
 a - 8 poisoned darts
 f - 38 stones (quivered)
 i - 5 boomerangs
 s - 5 curare-tipped darts
Armour
 c - a +0 buckler (worn)
 g - a +0 pair of gloves (worn)
 u - a +0 chain mail (worn)
 A - a +0 helmet (worn)
Jewellery
 o - a ring of protection from fire (left hand)
 p - an amulet of the acrobat (around neck)
 r - a ring of protection from cold (right hand)
 y - a ring of fire
Scrolls
 b - a scroll of magic mapping {unknown}
 h - a scroll of noise {unknown}
 j - a scroll of fear {unknown}
 l - a scroll of torment {unknown}
 n - a scroll of blinking {unknown}
 q - 5 scrolls of identify {unknown}
 t - 4 scrolls of teleportation {unknown}
 B - a scroll of summoning {unknown}
 C - a scroll of amnesia {unknown}
Potions
 d - a potion of might
 e - a potion of degeneration {unknown}
 k - a potion of brilliance {unknown}
 m - a potion of mutation {unknown}
 v - 2 potions of magic {unknown}
 x - a potion of invisibility {unknown}
 z - a potion of attraction {unknown}
 D - a potion of flight {unknown}


   Skills:
 + Level 5.0 Fighting
 + Level 4.3 Maces & Flails
 + Level 4.1 Armour
 + Level 4.5 Shields


You had 6 spell levels left.
You didn't know any spells.
Your spell library contained the following spells:

 Spells                   Type           Power      Damage    Failure   Level
 Beastly Appendage        Tmut           0%         N/A       99%         1
 Wereblood                Tmut           0%         N/A       100%        2
 Spider Form              Tmut/Pois      0%         N/A       100%        3


Dungeon Overview and Level Annotations

Branches:
Dungeon (5/15)
 Temple: D:4-7

Altars:
Kikubaaqudgha
Sif Muna

Shops:
D:2 [


Innate Abilities, Weirdness & Mutations

You are completely covered in rugged brown scales. (AC +3, +7% HP)
You have supernaturally acute eyesight. (SInv)
Armour fits poorly on your strangely shaped body.
You can roll at nearby foes to attack.
You have a long armoured tail.
You curl defensively after being hit. (AC +7*)


Message History

The gnoll hits you with a +0 halberd!
You sock the gnoll!
You kill the gnoll!
No target in view!
No target in view!
A gnoll sergeant comes into view. It is wielding a +0 spear.
The gnoll sergeant shouts!
Things that are here:
a +0 halberd; a gnoll corpse A gnoll comes into view.
It is wielding a +0 club.
The gnoll sergeant hits you from afar with a +0 spear.
A gnoll comes into view. It is wielding a +0 whip.
The gnoll throws a stone.
The stone closely misses you.
An ogre comes into view. It is wielding a +0 giant spiked club.
The ogre shouts!
You block the gnoll sergeant's attack.
The gnoll sergeant hits you but does no damage.
The gnoll sergeant completely misses you.
The gnoll hits you but does no damage.
The gnoll throws a stone.
The stone barely misses you. The gnoll sergeant misses you.
The gnoll hits you but does no damage. The gnoll sergeant closely misses you.
The gnoll misses you.
The gnoll sergeant hits you from afar with a +0 spear!
The gnoll completely misses you. x2
The gnoll sergeant hits you from afar with a +0 spear.
The gnoll hits you from afar with a +0 halberd!
The ogre completely misses you. The gnoll sergeant closely misses you.
The gnoll hits you with a +0 club.
The gnoll hits you from afar with a +0 halberd.
The gnoll sergeant hits you from afar with a +0 spear.
* * * LOW HITPOINT WARNING * * *
The gnoll barely misses you. The ogre closely misses you.
You sock the gnoll!
You kill the gnoll!
The gnoll sergeant hits you from afar with a +0 spear.
* * * LOW HITPOINT WARNING * * *
You block the gnoll's attack. The gnoll barely misses you.
You block the gnoll's attack. The gnoll barely misses you.
The ogre hits you with a +0 giant spiked club!
You die...

............[.....#
g...g.............##
..########.........#
##....†...#
##.....### ##....##
######### #.gg.##
##....>..####..Og#
#...........)..)@#
#...#######.....##
#..## ##....# #..#
##...# #.## ##..#
### ####


You could see an ogre, a gnoll sergeant and 2 gnolls.

Vanquished Creatures
  A black bear (D:5)
  A phantom (D:5)
  A bullfrog (D:4)
  A necrophage (D:5)
  A scorpion (D:5)
  A jelly (D:5)
  An orc wizard (D:4)
  3 iguanas
  6 adders
  4 gnolls (D:5)
  A white imp (D:5)
  An ufetubus (D:4)
  5 worms
  4 dart slugs
  9 orcs
  7 ball pythons
  A bat (D:2)
  8 endoplasms
  6 giant cockroaches
  6 goblins
  8 hobgoblins
  3 quokkas
  2 frilled lizards (D:1)
  7 kobolds
  3 rats
91 creatures vanquished.

Notes
Turn   | Place    | Note
-------+----------+-------------------------------------------
     0 | D:1      | siradein the Palentonga Fighter began the quest for the
                  | Orb.
     0 | D:1      | Reached XP level 1. HP: 19/19 MP: 1/1
   198 | D:1      | Reached XP level 2. HP: 25/25 MP: 2/2
   603 | D:1      | Reached XP level 3. HP: 31/31 MP: 3/3
  1202 | D:2      | Found Pibas's Armour Shop.
  1301 | D:2      | Found a shimmering blue altar of Sif Muna.
  1792 | D:3      | Found an ancient bone altar of Kikubaaqudgha.
  2126 | D:3      | Reached XP level 4. HP: 32/37 MP: 4/4
  2640 | D:4      | Reached XP level 5. HP: 42/44 MP: 5/5
  2770 | D:4      | Reached skill level 4 in Fighting
  3162 | D:4      | Reached XP level 6. HP: 42/51 MP: 6/6
  3543 | D:5      | Entered Level 5 of the Dungeon
  4403 | D:5      | Gained mutation: You curl defensively after being hit. (AC
                  | +7*) [Palentonga growth]
  4403 | D:5      | Reached XP level 7. HP: 56/58 MP: 7/7
  4431 | D:5      | Reached skill level 5 in Fighting
  4546 | D:5      | Slain by an ogre

Illustrated notes

Levels and vault maps discovered:
D:1:      saegor_arrival_simple_d, layout_basic
D:2:      layout_loops_ring, basic_altar, serial_shops, shop
D:3:      layout_basic, marbit_many_paths
D:4:      layout_gridville, chequers_serial_rivers_micro_a
D:5:      layout_layer_cave, minivault_27, nicolae_wormholes

Skill      XL: |  1  2  3  4  5  6  7 |
---------------+----------------------+-----
Shields        | 3 4 |  4.5
Armour         | 3 4 |  4.1
Maces & Flails | 3 4 |  4.3
Fighting       | 4 5 |  5.0

Action                   |  1- 3 |  4- 6 |  7- 9 || total
-------------------------+-------+-------+-------++-------
Melee: Flail             |   119 |   128 |    18 ||   265
       Tailslap          |    12 |    14 |     3 ||    29
 Abil: Rolling Charge    |       |     2 |     2 ||     4
Armor: Scale mail        |    54 |       |       ||    54
       Chain mail        |     8 |    66 |    21 ||    95
Dodge: Dodged            |    32 |    41 |    21 ||    94
Block: Buckler           |    20 |    20 |     7 ||    47

Table legend: (Time is in decaauts)
 A = Elapsed time spent in this place.
 B = Non-inter-level travel time spent in this place.
 C = Inter-level travel time spent in this place.
 D = Time resting spent in this place.
 E = Time spent auto-exploring this place.
 F = Levels seen in this place.
 G = Mean time per level.
                   A        B        C        D        E       F      G
               +--------+--------+--------+--------+--------+-----+--------+
         Total |   4624 |   4517 |    107 |    279 |   3409 |   5 |  924.8 |
       Dungeon |   4624 |   4517 |    107 |    279 |   3409 |   5 |  924.8 |
               +--------+--------+--------+--------+--------+-----+--------+

Top non-repeatable levels by time:
     D:4: 1328 daAuts
     D:1: 1071 daAuts
     D:3: 812 daAuts
     D:5: 756 daAuts
     D:2: 656 daAuts
